cohdb
Replays
Latest Replays
All Replays
Popular Replays
Top Player Replays
Match Explorer
How It Works
Community
CoH3 Stats
Reddit
Sign in to upload your games and track your stats! →
Sign in with Steam
Match 40810639
Unlisted
Match 40810639
Overview
Messages
Build Orders
End
Construct Infanterie Kompanie
Selects Terror Battlegroup
Selects Machine Gun Camouflage
MG 42 Machine Gun Team
Grenadier Squad
GrW 34 Mortar Team
Grenadier Squad
Construct Luftwaffe Kompanie
Flak 30 Anti-aircraft Gun Team
Sniper
Construct Panzer Kompanie
Stoßtruppen Squad
Selects No Quarter
Sturmpanzer IV Brummbär
Sturmpanzer IV Brummbär
Construct Panzergrenadier Kompanie
Kettenkrad Recon Vehicle
Side Skirts
Pioneer Squad
Support Elements
Nebelwerfer 42 Rocket Launcher Team
Selects King Tiger Heavy Tank
King Tiger Heavy Tank
Kettenkrad Recon Vehicle
Selects Interrogate
Pioneer Squad
Pioneer Squad
Selects Interrogate
King Tiger Heavy Tank
Selects Propaganda Leaflet Drop
Nuclear Viking
Lt_Winters
dl5277
SnowLeopard279
Dahlian
Random_Target
just a chill world leader ♡
Humbarwhy
0
0
Comments
sign in to comment!
No comments posted yet!